 Dungeon Crawl Stone Soup version 0.23.2-33-g5129a83184 (webtiles) character file.

Game seed: 7754313645503668407

11390 HASTUR3 the Grappler (level 11, -10/144 HPs)
             Began as a Troll Monk on June 24, 2019.
             Was a Believer of Wu Jian.
             Mangled by a sun demon (14 damage)
             ... summoned by an orc high priest
             ... on level 2 of the Orcish Mines on June 27, 2019.
             The game lasted 00:32:50 (9706 turns).

HASTUR3 the Grappler (Troll Monk)                   Turns: 9706, Time: 00:32:50

Health: -10/144    AC: 12    Str: 31    XL:     11   Next: 48%
Magic:  14/14      EV:  8    Int:  6    God:    Wu Jian [**....]
Gold:   815        SH: 17    Dex: 18    Spells: 10/10 levels left

rFire    . . .     SeeInvis .     - Unarmed
rCold    + + +     Gourm    +   y - +0 large shield
rNeg     + . .     Faith    .   m - +2 robe {rC+}
rPois    +         Spirit   .   (helmet restricted)
rElec    .         Reflect  .   o - +2 cloak
rCorr    .         Harm     .   (gloves unavailable)
MR       .....                  (boots unavailable)
Stlth    ..........             n - amulet of rage
HPRegen  0.74/turn              d - ring of positive energy
MPRegen  0.14/turn              q - ring "Ziemoich" {rPois rC+++ MR- Str+4 Dex+4}

@: berserking, very quick
A: large, unfitting armour, claws 3, rugged brown scales 1, cold resistance 1,
fast metabolism 3, gourmand, regeneration 1, shaggy fur 1, tough skin 3
a: Wall Jump, Renounce Religion, Evoke Berserk Rage


You were on level 2 of the Orcish Mines.
You worshipped Wu Jian.
Wu Jian was pleased with you.
You were very full.

You visited 5 branches of the dungeon, and saw 15 of its levels.
You also visited: Sewer.

You collected 815 gold pieces.

Inventory:

Armour
 m - a +2 robe of cold resistance (worn)
 o - a +2 cloak (worn)
 y - a +0 large shield (worn)
Jewellery
 d - a ring of positive energy (left claw)
 n - an amulet of rage (around neck)
 q - the ring "Ziemoich" (right claw) {rPois rC+++ MR- Str+4 Dex+4}
   (You found it on level 5 of the Dungeon)

   [ring of dexterity]

   It affects your strength (+4).
   It affects your dexterity (+4).
   It renders you almost immune to cold.
   It protects you from poison.
   It affects your resistance to hostile enchantments.
 x - an uncursed ring of poison resistance {unknown}
 B - an uncursed ring of magical power {unknown}
Wands
 i - a wand of paralysis (21)
 l - a wand of random effects (15)
 u - a wand of disintegration (20)
Scrolls
 a - a scroll of amnesia {unknown}
 e - 12 scrolls of identify
 g - 2 scrolls of fear {unknown}
 h - 4 scrolls of enchant armour
 k - 4 scrolls of remove curse
 p - 2 scrolls of magic mapping
 t - a scroll of blinking
 v - 4 scrolls of teleportation
 w - 3 scrolls of immolation
Potions
 c - 7 potions of curing
 f - a potion of berserk rage {unknown}
 j - a potion of magic {unknown}
 r - a potion of lignification
 s - a potion of brilliance {unknown}
 z - a potion of degeneration {unknown}
 A - a potion of resistance {unknown}
Comestibles
 b - 28 rations
 C - 9 chunks of flesh


   Skills:
 - Level 2.4 Fighting
 - Level 2.4 Dodging
 - Level 1.0 Stealth
 + Level 5.8 Shields
 + Level 14.5 Unarmed Combat
 - Level 6.0 Evocations


You had 10 spell levels left.
You didn't know any spells.
Your spell library contained the following spells:

 Spells                   Type           Power        Failure   Level  Hunger
 Confusing Touch          Hex            #.....       98%         1    ##.....
 Confuse                  Hex            #.......     100%        3    ####...
 Gell's Gravitas          Tloc           #.........   100%        3    ####...
 Petrify                  Tmut/Erth      #.......     100%        4    #####..
 Metabolic Englaciation   Hex/Ice        #.........   100%        5    ######.
 Yara's Violent Unravell  Hex/Tmut       #.........   100%        5    ######.


Dungeon Overview and Level Annotations

Branches:
Dungeon (10/15)            Temple (1/1) D:4            Lair (1/6) D:8
    Orc (2/2) D:9             Elf (1/3) Orc:2

Altars:
Ashenzari
Cheibriados
Dithmenos
Elyvilon
Gozag
Hepliaklqana
Makhleb
Nemelex Xobeh
Okawaru
Qazlal
Ru
Sif Muna
Trog
Uskayaw
Vehumet
Wu Jian
Xom
The Shining One


Innate Abilities, Weirdness & Mutations

You are too large for most types of armour.
You have claws for hands.
Your metabolism is lightning-fast.
You like to eat raw meat.
Your natural rate of healing is unusually fast.
You are covered in fur. (AC +1)
You have extremely tough skin. (AC +3)
You are partially covered in rugged brown scales. (AC +1, +3% HP)
Your flesh is cold resistant. (rC+)


Message History

The warg is severely wounded.
The sun demon barely misses you.
Your shield prevents you from hitting the orc high priest.
The sun demon barely misses you. The hellwing hits you.
You block the hellwing's attack. The warg bites you!
An orc wizard comes into view. It is wielding a +0 dagger.
You closely miss the orc high priest. You block the orc high priest's attack.
You block the sun demon's attack. The sun demon hits you!
You are engulfed in flames!
* * * LOW HITPOINT WARNING * * *
The warg bites you!
* * * LOW HITPOINT WARNING * * *
You closely miss the orc high priest.
The hellwing hits you but does no damage.
You block the hellwing's attack.
You are too berserk!
You barely miss the orc high priest. The sun demon hits you!!
* * * LOW HITPOINT WARNING * * *
You are engulfed in flames!
You die...

#........
#................##
#.................##
#..................##
......# ...........##
......#
#...........##
..)..##
##............
......###........4.##
.......###.$...o@...#
........#......h33.##
................o###
..............o..#
.............)..##
.#...........)###
###.......o...##
.........$.....#
..........†.....#


You could see an orc knight, an orc high priest, 2 sun demons, a hellwing, a
warg, an orc warrior and an orc wizard.

Vanquished Creatures
  Harold (D:7)
  A hydra (Lair:1)
  A two-headed ogre (D:9)
  An orc high priest (Orc:1)
  Pikel (D:5)
  Joseph (D:9)
  Maurice (D:9)
  A gargoyle (D:6)
  A komodo dragon (D:8)
  3 hippogriffs
  4 blink frogs (Lair:1)
  Sigmund (D:3)
  4 hogs (D:7)
  A human (D:7)
  Edmund (D:5)
  3 wargs
  A water moccasin (Lair:1)
  A porcupine (Lair:1)
  An ice beast (D:9)
  4 slaves (D:5)
  9 orc warriors
  A necrophage (D:6)
  5 ogres
  2 phantoms (D:9)
  3 centaurs
  The ghost of redwoodhats the Grave Robber, an amateur DsNe (D:5)
  A crocodile (Lair:1)
  A big kobold (D:8)
  7 bullfrogs
  A wyvern skeleton (D:6)
  2 scorpions
  4 wights (D:9)
  2 howler monkeys
  A bullfrog zombie (D:7)
  2 centaur zombies
  3 quasits (D:5)
  2 centaur skeletons (D:7)
  9 orc priests
  Crazy Yiuf (D:3)
  A bullfrog skeleton (D:9)
  A gnoll shaman (D:8)
  4 orc wizards
  Natasha (thrice) (D:2)
  4 iguanas
  Ijyb (D:3)
  4 worker ants
  A hound zombie (D:6)
  A hound skeleton (D:6)
  2 howler monkey zombies
  12 gnolls
  9 adders
  2 river rats (D:3)
  5 shadow imps
  An adder zombie (D:6)
  2 worms (D:2)
  8 leopard geckos
  34 orcs
  4 ball pythons
  6 bats
  4 giant cockroaches
  5 goblins
  4 hobgoblins
  16 jackals
  20 kobolds
  3 quokkas
  5 frilled lizards
  A leopard gecko skeleton (D:7)
  15 rats
  A plant (Sewer)
269 creatures vanquished.

Vanquished Creatures (others)
  3 plants
3 creatures vanquished.

Grand Total: 272 creatures vanquished

Notes
Turn   | Place    | Note
-------+----------+-------------------------------------------
     0 | D:1      | HASTUR3 the Troll Monk began the quest for the Orb.
     0 | D:1      | Reached XP level 1. HP: 22/22 MP: 0/0
   317 | D:1      | Reached XP level 2. HP: 29/29 MP: 1/1
   791 | D:1      | Reached skill level 4 in Unarmed Combat
  1129 | D:2      | Reached XP level 3. HP: 24/36 MP: 2/2
  1216 | D:2      | Noticed Natasha
  1223 | D:2      | Killed Natasha
  1252 | D:2      | Found a hide-covered altar of Uskayaw.
  1254 | D:2      | Found a stormy altar of Qazlal.
  1254 | D:2      | Found a burning altar of Makhleb.
  1257 | D:2      | Found a radiant altar of Vehumet.
  1258 | D:2      | Found a sacrificial altar of Ru.
  1259 | D:2      | Found an opulent altar of Gozag.
  1264 | D:2      | Found a bloodstained altar of Trog.
  1326 | D:2      | Reached XP level 4. HP: 42/44 MP: 3/3
  1354 | D:2      | Reached skill level 5 in Unarmed Combat
  1402 | D:2      | Noticed Natasha
  1408 | D:2      | Killed Natasha
  1458 | D:2      | Noticed Natasha
  1464 | D:2      | Killed Natasha
  2039 | D:2      | Upgraded the game from 0.23.2-30-g0e89c35649 to
                  | 0.23.2-33-g5129a83184
  2047 | D:3      | Reached XP level 5. HP: 50/50 MP: 4/4
  2089 | D:3      | Noticed Sigmund
  2098 | D:3      | Killed Sigmund
  2098 | D:3      | Reached skill level 6 in Unarmed Combat
  2098 | D:3      | Reached XP level 6. HP: 53/59 MP: 5/5
  2120 | D:3      | Reached skill level 7 in Unarmed Combat
  2235 | D:3      | Found a glowing drain.
  2253 | Sewer    | Entered a sewer
  2817 | D:3      | Found a runed translucent door.
  2818 | D:3      | Noticed Crazy Yiuf
  2903 | D:3      | Killed Crazy Yiuf
  2981 | D:3      | Found a shimmering altar of Xom.
  2981 | D:3      | Noticed Ijyb
  2995 | D:3      | Killed Ijyb
  3606 | D:3      | Gained mutation: You are partially covered in rugged brown
                  | scales. (AC +1, +3% HP) [potion of mutation]
  3606 | D:3      | Gained mutation: Your flesh is cold resistant. (rC+)
                  | [potion of mutation]
  3806 | D:4      | Reached skill level 8 in Unarmed Combat
  3806 | D:4      | Reached XP level 7. HP: 67/67 MP: 6/6
  4156 | D:4      | Found a staircase to the Ecumenical Temple.
  4367 | D:5      | Entered Level 5 of the Dungeon
  4467 | D:5      | Noticed Pikel
  4467 | D:5      | Noticed a hippogriff
  4487 | D:5      | Killed a hippogriff
  4487 | D:5      | Reached skill level 9 in Unarmed Combat
  4517 | D:5      | Killed Pikel
  4517 | D:5      | Reached skill level 10 in Unarmed Combat
  4517 | D:5      | Reached XP level 8. HP: 36/76 MP: 7/7
  4622 | D:5      | Noticed Edmund
  4642 | D:5      | Killed Edmund
  4642 | D:5      | Reached skill level 1 in Evocations
  4764 | D:5      | Found a transporter.
  4767 | D:5      | Noticed redwoodhats's ghost (amateur DsNe)
  4780 | D:5      | Found a transporter.
  5070 | D:5      | Killed redwoodhats's ghost
  5083 | D:5      | Got the ring "Ziemoich" {Dex+4}
  5098 | D:5      | Identified the ring "Ziemoich" {rPois rC+++ MR- Str+4
                  | Dex+4} (You found it on level 5 of the Dungeon)
  5342 | D:6      | Noticed a gargoyle
  5355 | D:6      | Reached skill level 11 in Unarmed Combat
  5392 | D:6      | Reached XP level 9. HP: 77/82 MP: 10/10
  5407 | D:6      | Killed a gargoyle
  5969 | D:7      | Noticed Harold
  5982 | D:7      | Killed Harold
  5982 | D:7      | Reached skill level 12 in Unarmed Combat
  5982 | D:7      | Reached skill level 5 in Evocations
  6317 | D:7      | Reached XP level 10. HP: 78/90 MP: 13/13
  6703 | D:8      | Found Hagatio's Weapon Emporium.
  6866 | D:8      | Found a white marble altar of Elyvilon.
  7017 | D:8      | Found a staircase to the Lair.
  7207 | D:8      | Reached skill level 13 in Unarmed Combat
  7466 | D:9      | Noticed Maurice
  7472 | D:9      | Noticed Joseph
  7474 | D:9      | Killed Maurice
  7480 | D:9      | Noticed a two-headed ogre
  7485 | D:9      | Killed Joseph
  7495 | D:9      | Killed a two-headed ogre
  7495 | D:9      | Reached skill level 14 in Unarmed Combat
  7632 | D:9      | Reached skill level 1 in Shields
  7822 | D:9      | Found a staircase to the Orcish Mines.
  8101 | D:9      | Reached XP level 11. HP: 85/96 MP: 14/14
  8255 | D:10     | Entered Level 10 of the Dungeon
  8383 | Temple   | Entered the Ecumenical Temple
  8392 | Temple   | Became a worshipper of the Wu Jian Council
  8392 | Temple   | Reached * piety under Wu Jian
  8392 | Temple   | Reached ** piety under Wu Jian
  8493 | Lair:1   | Entered Level 1 of the Lair of Beasts
  8743 | Lair:1   | Noticed a six-headed hydra
  8747 | Lair:1   | Killed a six-headed hydra
  8747 | Lair:1   | Reached skill level 5 in Shields
  9276 | Orc:1    | Entered Level 1 of the Orcish Mines
  9276 | Orc:1    | Noticed an orc high priest
  9282 | Orc:1    | Killed an orc high priest
  9640 | Orc:2    | Entered Level 2 of the Orcish Mines
  9672 | Orc:2    | Found a staircase to the Elven Halls.
  9682 | Elf:1    | Entered Level 1 of the Elven Halls
  9682 | Elf:1    | Noticed a deep elf mage
  9682 | Elf:1    | Noticed a deep elf mage
  9682 | Elf:1    | Noticed a deep elf mage
  9691 | Orc:2    | Noticed an orc high priest
  9695 | Orc:2    | Noticed a sun demon
  9695 | Orc:2    | Noticed an orc knight
  9696 | Orc:2    | Noticed a sun demon
  9706 | Orc:2    | HP: 4/144 [sun demon[an orc high priest] (23)]
  9706 | Orc:2    | Mangled by a sun demon

Skill      XL: |  1  2  3  4  5  6  7  8  9 10 11 |
---------------+----------------------------------+-----
Unarmed Combat | 4 5 6 8 10 11 12 14 | 14.5
Evocations     | 3 5 6 |  6.0
Shields        | 3 5 |  5.8
Fighting       | |  2.4
Dodging        | |  2.4
Stealth        | |  1.0

Action                   |  1- 3 |  4- 6 |  7- 9 | 10-12 || total
-------------------------+-------+-------+-------+-------++-------
Melee: Unarmed           |    77 |   155 |   243 |   298 ||   773
       Punch             |     1 |     5 |    13 |     7 ||    26
Invok: Whirlwind         |       |       |       |    25 ||    25
       Lunge             |       |       |       |    11 ||    11
 Abil: Evoke Berserk Rag |       |       |     1 |     6 ||     7
Evoke: Wand              |       |       |     3 |     3 ||     6
  Use: Scroll            |       |    10 |       |       ||    10
       Potion            |       |     5 |       |     1 ||     6
 Stab: Sleeping          |     4 |     5 |     4 |     2 ||    15
       Distracted        |       |       |       |     1 ||     1
  Eat: Chunk             |    17 |    24 |    24 |    36 ||   101
Armor: Robe              |    14 |    47 |    72 |    98 ||   231
Dodge: Dodged            |    33 |    52 |   117 |   108 ||   310
Block: Large shield      |       |       |       |   129 ||   129
